Unix NetHack Version 5.0.0-0 post-release - last build Jun 10 2026 00:39:30 (3ee93aec679c4c4259841fe613dc97188e26a321,branch:main).

Game began 2026-07-05 19:07:26, ended 2026-07-05 20:26:37.

HomunculusP, lawful female dwarven Valkyrie

                   -------
                   |.....|              -------
                 ##......-#             |.....|              ----------------
                 # |.....|#             |......##    -------#...........^...|
                 # |.....|#             |s@ef.| ####|......|#|..............|
                ## -------#             |ri...|    #-......|#|..............|
               ##         #            #..e...|     |......|#---------.------
    ---------- #          #            #|.....|     |...--|-#         #
    |.}.}.}..|##         ##            #-|-----     |...-####         #
    |..}.....-#         ##             ###  #       |...| ##          #
    |.<.}.}..|          #               ######      ----- ##          #
    |..}.....|          #               #    #            ##          #
    |........|          #---------------#    ########### ###          #
    |........|          #-.............|#             -|-.-#        --.----
    --------|-           |.............|#             |...|#        |.....|
            #            |..............#             |...|#        |.....|
                         ---------------              |....#        |.....|
                                                      |...|         |...>.|
                                                      -----         -------

HomunculusP the Skirmisher  St:14 Dx:13 Co:20 In:9 Wi:7 Ch:9  Lawful
Dlvl:3  $:98 HP:0(57) Pw:5(5) AC:10 Xp:5 T:4133  Hungry  

Latest messages:
 Your movements are now unencumbered.
 You have a little trouble lifting an uncursed statue of a centipede.  Continue? [ynq] (q) y
 You have a little trouble lifting I - an uncursed statue of a centipede.
 Your movements are slowed slightly because of your load.
 You drop an uncursed statue of a centipede.
 Your movements are now unencumbered.
 You miss the floating eye.
 You miss the floating eye.
 You see here an uncursed statue of a centipede.
 You miss the floating eye.
 You are frozen by the floating eye's gaze!
 The housecat bites the floating eye.
 The housecat is frozen by the floating eye's gaze!
 The giant rat bites!
 The giant rat bites!
 The giant rat bites!
 The giant rat bites!
 The giant rat bites!
 The giant rat bites!
 The giant rat bites!
 The giant rat bites!
 The giant rat bites!
 The giant rat bites!
 The giant rat bites!
 The giant rat bites!
 The imp hits!
 The giant rat bites!
 The imp hits!
 The giant rat bites!
 The imp hits!
 "Go play leapfrog with a herd of unicorns!"
 The giant rat bites!
 The imp hits!
 You are beginning to feel hungry.
 The imp hits!
 The giant rat bites!
 The imp hits!
 The giant rat bites!
 The imp hits!
 The imp hits!
 The imp hits!
 The giant rat bites!
 The imp hits!
 The giant rat bites!
 You die...
 Do you want your possessions identified? [ynq] (y) y
 Do you want to see your attributes? [ynq] (y) n
 Do you want an account of creatures vanquished? [ynaq] (y) n
 Do you want to see your conduct and achievements? [ynq] (y) n
 Do you want to see the dungeon overview? [ynq] (y) n

Inventory:
 Coins    ('$')
  $ - 98 gold pieces
 Weapons  (')')
  r - 11 +0 ya
  b - a +0 dagger
  a - a +1 dwarvish spear (weapon in right hand)
  g - 4 +0 orcish daggers (at the ready)
  F - a +0 scimitar
  o - a cursed -1 scimitar
  u - a +0 spetum
 Armor    ('[')
  G - an uncursed +0 orcish helm
  v - an uncursed rusty +0 orcish helm
  p - a cursed -1 orcish helm (being worn)
  A - an uncursed +0 shield of shock resistance
  c - an uncursed +3 small shield (alternate weapon; not wielded)
  n - an uncursed +1 orcish chain mail
 Comestibles  ('%')
  J - an uncursed small glob of gray ooze
 Scrolls  ('?')
  E - an uncursed scroll of create monster
  D - an uncursed scroll of identify
 Spellbooks  ('+')
  y - an uncursed spellbook of detect monsters
  H - an uncursed spellbook of detect monsters
 Tools    ('(')
  m - an uncursed bell
  e - an uncursed oil lamp
 Gems/Stones  ('*')
  x - 2 uncursed worthless pieces of blue glass
  t - an uncursed worthless piece of red glass
  j - a cursed flint stone

HomunculusP the Valkyrie's attributes:

Background:
 You were a Skirmisher, a level 5 dwarven Valkyrie.
 You were lawful, on a mission for Tyr
 who was opposed by Odin (neutral) and Loki (chaotic).
 You were right-handed.
 You were in the Dungeons of Doom, on level 3.
 You entered the dungeon 4133 turns ago.
 You had 175 experience points, 145 more were needed to attain level 6.

Basics:
 You had 0 out of 57 hit points.
 You had all 5 energy points (spell power).
 Your armor class was 10.
 Your wallet contained 98 zorkmids.
 Autopickup was off.

Final Characteristics:
 Your strength was 14 (peak:18, limit:18/100).
 Your dexterity was 13 (limit:20).
 Your constitution was 20 (limit:20).
 Your intelligence was 9 (limit:16).
 Your wisdom was 7 (limit:16).
 Your charisma was 9 (limit:16).

Final Status:
 You were hungry.
 You were unencumbered.
 You were wielding a spear.
 You had basic skill with spear and could have enhanced that.

Final Attributes:
 You were piously aligned.
 You were cold resistant.
 You had infravision.
 You were stealthy.
 You are dead.

Miscellaneous:
 You didn't encounter any bones levels.
 Total elapsed playing time was 1 hour, 19 minutes and 10 seconds.

Major events:
 Turn
    1: HomunculusP the lawful dwarven Valkyrie entered the dungeon
 1051: attained the rank of Skirmisher (level 3)
 4133: killed by a giant rat, while frozen by a floating eye's gaze

Spells:
 Name                 Level Category     Fail Retention
 detect monsters        1   divination    91%  76%-100%

Skills:
 Fighting Skills
   bare handed combat [Unskilled]
   two weapon combat  [Unskilled]
   riding             [Unskilled]
 Weapon Skills
   dagger             [Basic]
   axe                [Unskilled]
   pick-axe           [Unskilled]
   short sword        [Unskilled]
   broadsword         [Unskilled]
   long sword         [Unskilled]
   two-handed sword   [Unskilled]
   saber              [Unskilled]
   hammer             [Unskilled]
   quarterstaff       [Unskilled]
   polearms           [Unskilled]
   spear              [Basic]
   trident            [Unskilled]
   lance              [Unskilled]
   sling              [Unskilled]
 Spellcasting Skills
   attack spells      [Unskilled]
   escape spells      [Unskilled]

Voluntary challenges:
 Character rerolling was not enabled.
 You never genocided any monsters.
 You never polymorphed an object.
 You never changed form.
 You used no wishes.
Achievements:
 You attained the rank of Skirmisher.
 You entered a shop.

 The Dungeons of Doom: levels 1 to 4
    Level 1:
    Level 2:
       A general store, a grave.
    Level 3: <- You were here.
       An altar to Tyr.
       Final resting place for
          you, killed by a giant rat, while frozen by a floating eye's gaze.
    Level 4:
       A sink.


Vanquished creatures:
  a leprechaun
  a water nymph
  a gray ooze
 an elf zombie
  a little dog
  2 floating eyes
  3 hill orcs
  a rabid rat
  a wererat
  3 iguanas
  2 acid blobs
  a coyote
  2 gas spores
  8 manes
  a hobgoblin
  4 cave spiders
  2 brown molds
  2 garter snakes
  a gnome zombie
  4 geckos
  4 jackals
  a fox
  a kobold
  3 goblins
  4 sewer rats
  5 grid bugs
  6 lichens
  a kobold zombie
  5 newts
72 creatures vanquished.

No species were genocided or became extinct.

Game over:
                       ----------
                      /          \
                     /    REST    \
                    /      IN      \
                   /     PEACE      \
                  /                  \
                  |   HomunculusP    |
                  |      98 Au       |
                  |   killed by a    |
                  |    giant rat     |
                  |                  |
                  |                  |
                  |       2026       |
                 *|     *  *  *      | *
        _________)/\\_//(\/(/\)/\//\/|_)_______

Farvel HomunculusP the Valkyrie...

You died in The Dungeons of Doom on dungeon level 3 with 979 points,
and 98 pieces of gold, after 4133 moves.
You were level 5 with a maximum of 57 hit points when you died.

